 Dungeon Crawl Stone Soup version 0.20.1-1-g8b1a95d66d (webtiles) character file.

183 Merkmirnix the Chopper (level 5, -1/72 HPs)
             Began as a Minotaur Berserker on Dec 27, 2018.
             Was a Believer of Trog.
             Slain by montgommery's ghost (6 damage)
             ... on level 3 of the Dungeon.
             The game lasted 00:06:22 (1605 turns).

Merkmirnix the Chopper (Minotaur Berserker)         Turns: 1605, Time: 00:06:22

Health: -1/72      AC:  8    Str: 27    XL:     5   Next: 35%
Magic:  4/4        EV: 11    Int:  4    God:    Trog [**....]
Gold:   169        SH:  0    Dex: 10    Spells: 4/4 levels left

rFire    . . .     SeeInvis .   a - +1 hand axe
rCold    . . .     Gourm    .   (no shield)
rNeg     . . .     Faith    .   p - +1 ring mail
rPois    .         Spirit   .   (helmet restricted)
rElec    .         Reflect  .   (no cloak)
rCorr    .         Harm     .   l - +1 pair of gloves
MR       .....                  (no boots)
Stlth    ..........             (no amulet)
Regen    0.3/turn               (no ring)
MPRegen  0.1/turn               (no ring)

@: berserking, lethally poisoned (-1 -> -1), very quick
A: retaliatory headbutt, horns 2
a: Berserk, Trog's Hand, Burn Spellbooks, Renounce Religion


You were on level 3 of the Dungeon.
You worshipped Trog.
Trog was pleased with you.
You were very hungry.

You visited 1 branch of the dungeon, and saw 3 of its levels.

You collected 169 gold pieces.

Inventory:

Hand Weapons
 a - a +1 hand axe (weapon)
Armour
 l - a +1 pair of gloves (worn)
 p - a +1 ring mail (worn)
Jewellery
 e - an uncursed ring of magical power
Scrolls
 h - 2 scrolls of fog {unknown}
 i - 2 scrolls of identify
 j - 2 scrolls of remove curse
 k - 2 scrolls of blinking
 n - a scroll of teleportation
Potions
 d - a potion of cancellation
Comestibles
 b - 8 fruits
 c - 2 bread rations
 f - 2 meat rations
 g - a royal jelly


   Skills:
 * Level 5.3 Fighting
 * Level 5.8 Axes
 * Level 3.1 Armour
 - Level 2.2 Dodging


You had 4 spell levels left.
You didn't know any spells.

Dungeon Overview and Level Annotations

Branches:
Dungeon (3/15)

Altars:
Fedhas
Nemelex Xobeh
The Shining One

Annotations:
D:3 montgommery's ghost, amateur HOFi


Innate Abilities, Weirdness & Mutations

You reflexively headbutt those who attack you in melee.
You have a pair of horns on your head.


Message History

* * * LOW HITPOINT WARNING * * *
You hit montgommery's ghost.
Montgommery's ghost is heavily damaged.
Montgommery's ghost hits you.
* * * LOW HITPOINT WARNING * * *
A red film seems to cover your vision as you go berserk!
You feel yourself moving faster!
You feel mighty!
You are feeling very hungry.
Montgommery's ghost closely misses you. You furiously retaliate!
You headbutt montgommery's ghost!! You barely miss montgommery's ghost.
Montgommery's ghost is almost destroyed.
You hit montgommery's ghost.
Montgommery's ghost is almost destroyed.
You feel sick. Montgommery's ghost hits you.
* * * LOW HITPOINT WARNING * * *
You hit montgommery's ghost but do no damage.
Montgommery's ghost is almost destroyed.
Montgommery's ghost hits you.
You die...

#....#.#.##.#### .#
####........# ##.#
#..##.#.####### #..#
.....##.#.###...## #.#
##...##....#.###.###.#
# .........## ##.##.#
#.####...# #....####
#.......(## ##.###...#
######@#.###........#
#W##...#.###.#....
#.).#####.##..#.###
#...# #.##.##.# #...#
#.##. .# #...# #.>..
.# #...# #.... .#
..... .#... .# ....?


You could see montgommery's ghost.

Vanquished Creatures
  5 gnolls
  8 adders (D:2)
  A worm (D:3)
  2 dart slugs (D:1)
  A leopard gecko (D:2)
  5 orcs (D:3)
  2 giant cockroaches
  6 goblins
  4 hobgoblins
  2 jackals (D:3)
  3 ball pythons
  3 bats
  3 frilled lizards (D:1)
  7 kobolds
  5 rats
57 creatures vanquished.

Notes
Turn   | Place    | Note
-------+----------+-------------------------------------------
     0 | D:1      | Merkmirnix the Minotaur Berserker began the quest for the Orb.
     0 | D:1      | Reached XP level 1. HP: 19/19 MP: 0/0
    79 | D:1      | HP: 1/20 [gnoll/flail (6)]
    80 | D:1      | Reached XP level 2. HP: 2/27 MP: 1/1
   537 | D:1      | Reached XP level 3. HP: 27/34 MP: 2/2
   779 | D:2      | Found a glowing golden altar of the Shining One.
   779 | D:2      | Found a sparkling altar of Nemelex Xobeh.
   841 | D:2      | Reached XP level 4. HP: 19/41 MP: 3/3
   842 | D:2      | Reached skill level 5 in Axes
  1071 | D:2      | Reached ** piety under Trog
  1089 | D:2      | Reached skill level 5 in Fighting
  1315 | D:2      | Reached XP level 5. HP: 48/48 MP: 4/4
  1321 | D:2      | Found a blossoming altar of Fedhas.
  1582 | D:3      | Noticed montgommery's ghost (amateur HOFi)
  1605 | D:3      | Slain by montgommery's ghost

Skill      XL: |  1  2  3  4 |
---------------+-------------+-----
Fighting       | 4 5 |  5.3
Axes           | 4 5 |  5.8
Armour         | 3 |  3.1
Dodging        | |  2.2

Action                   |  1- 3 |  4- 6 || total
-------------------------+-------+-------++-------
Melee: Hand axe          |    50 |    77 ||   127
       Headbutt          |     6 |    14 ||    20
Invok: Berserk           |       |     1 ||     1
  Use: Scroll            |     7 |       ||     7
       Potion            |     2 |       ||     2
  Eat: Chunk             |       |     2 ||     2
Armor: Animal skin       |     3 |       ||     3
       Ring mail         |    12 |    31 ||    43
Dodge: Dodged            |    32 |    40 ||    72
